 Dungeon Crawl Stone Soup version 0.27.1-3-gb3d3a73c9e (webtiles) character file.

Game seed: 15091421046786214376

46 Icepheonix32 the Shield-Bearer (level 3, 0/29 HPs)
             Began as a Demonspawn Fighter on Oct 30, 2021.
             Slain by a jackal (1 damage)
             ... on level 2 of the Dungeon.
             The game lasted 00:02:27 (1870 turns).

Icepheonix32 the Shield-Bearer (Demonspawn Fighter) Turns: 1870, Time: 00:02:28

Health: 0/29       AC:  7    Str: 16    XL:     3   Next: 44%
Magic:  3/3        EV:  7    Int: 13    God:
Gold:   79         SH:  9    Dex: 12    Spells: 2/2 levels left

rFire    . . .     SeeInvis .   a - +0 long sword
rCold    . . .     Faith    .   c - +0 kite shield
rNeg     . . .     Spirit   .   b - +0 scale mail
rPois    .         Reflect  .   g - +0 helmet {Int+3}
rElec    .         Harm     .   (no cloak)
rCorr    .         Rampage  .   (no gloves)
Will     .....                  (no boots)
Stlth    ..........             (no amulet)
HPRegen  0.09/turn              (no ring)
MPRegen  0.08/turn              (no ring)

@: no status effects
A: demonic magic 1
a: no special abilities


You were on level 2 of the Dungeon.
You visited 1 branch of the dungeon, and saw 2 of its levels.

You collected 79 gold pieces.

Inventory:

Hand Weapons
 a - a +0 long sword (weapon)
Missiles
 f - 5 silver javelins (quivered)
 l - 4 boomerangs
Armour
 b - a +0 scale mail (worn)
 c - a +0 kite shield (worn)
 g - a +0 helmet of intelligence (worn)
Scrolls
 h - a scroll of fog


   Skills:
 + Level 3.1 Fighting
 + Level 2.4 Long Blades
 + Level 2.9 Armour
 + Level 0.1 Dodging
 + Level 0.6 Stealth
 - Level 3.2 Shields


You had 2 spell levels left.
You didn't know any spells.
Your spell library was empty.

Dungeon Overview and Level Annotations

Branches:
Dungeon (2/15)

Altars:

Shops:
D:2 (


Innate Abilities, Weirdness & Mutations

Spells you cast may paralyse adjacent enemies.


Message History

The kobold is severely wounded.
The jackal barely misses you. x2; You block the jackal's attack.
The kobold hits you but does no damage. The jackal closely misses you.
You block the jackal's attack.
The jackal bites you but does no damage.
The kobold hits you with a +0 short sword.
You are too injured to fight recklessly!
You are too injured to fight recklessly!
You are too injured to fight recklessly!
You are too injured to fight recklessly!
You are too injured to fight recklessly!
You are too injured to fight recklessly!
You are too injured to fight recklessly!
You are too injured to fight recklessly!
Unknown command.
You barely miss the kobold.
The kobold is severely wounded.
The jackal barely misses you. You block the jackal's attack. x2
The jackal bites you. x2; The jackal barely misses you.
The kobold hits you with a +0 short sword.
The jackal bites you but does no damage.
You barely miss the kobold.
The kobold is severely wounded.
You block the jackal's attack. The jackal bites you.
* * * LOW HITPOINT WARNING * * *
The kobold hits you but does no damage. You block the jackal's attack.
The jackal completely misses you.
The jackal bites you but does no damage.
The kobold hits you with a +0 short sword.
* * * LOW HITPOINT WARNING * * *
The jackal bites you.
* * * LOW HITPOINT WARNING * * *
The jackal barely misses you.
You riposte.
You hit the jackal.
You kill the jackal!
You hit the kobold.
You kill the kobold!
You block the jackal's attack. The jackal bites you.
* * * LOW HITPOINT WARNING * * *
The jackal barely misses you. The jackal bites you.
You die...

#.... #.... #....
###.....
#....#####.......
#.......##......
#.......#.....#
.#..>.).h#.....+
......h@.#.....## .###
.........#......+.......
................#.......
................#.......
................#.......
..?.............#.......
............#...†.......
............#...........
...........#...........


You could see 2 jackals.

Vanquished Creatures
  2 adders (D:2)
  A worm (D:2)
  2 ball pythons (D:2)
  3 endoplasms
  2 goblins
  2 jackals (D:2)
  2 quokkas (D:1)
  2 bats
  4 frilled lizards
  4 kobolds
  4 rats
28 creatures vanquished.

Notes
Turn   | Place    | Note
-------+----------+-------------------------------------------
     0 | D:1      | Icepheonix32 the Demonspawn Fighter began the quest for the
                  | Orb.
     0 | D:1      | Reached XP level 1. HP: 18/18 MP: 1/1
   534 | D:1      | Gained mutation: Spells you cast may paralyse adjacent
                  | enemies. [demonic ancestry]
   534 | D:1      | Reached XP level 2. HP: 24/24 MP: 2/2
  1320 | D:2      | Found Bag Nohe's Weapon Shop.
  1342 | D:2      | HP: 1/24 [worm (5)]
  1355 | D:2      | Reached XP level 3. HP: 3/29 MP: 3/3
  1870 | D:2      | HP: 1/29 [jackal (2)]
  1870 | D:2      | Slain by a jackal

Illustrated notes

Levels and vault maps discovered:
D:1:      kennysheep_arrival_seaside, layout_loops_ring
D:2:      layout_basic, serial_shops, shop,
          hellmonk_ecumenical_altar_leap_of_faith, kennysheep_generic_room_12,
          uniq_sigmund

Skill      XL: |  1  2 |
---------------+-------+-----
Long Blades    | 2 |  2.4
Shields        | 3 |  3.2
Fighting       | |  3.1
Armour         | |  2.9
Dodging        | |  0.1
Stealth        | |  0.6

Action                   || total
-------------------------++-------
Melee: Long sword        ||   102
  Use: Potion            ||     5
       Scroll            ||     1
Armor: Scale mail        ||    79
Dodge: Dodged            ||    52
Block: Kite shield       ||    79
       Rpst.: Long sword ||    16
